 Dungeon Crawl Stone Soup version 0.17-a0-1115-g0372368 (webtiles) character file.

84 onwiheg the Cudgeler (level 4, 24/28 HPs)
             Began as a Gargoyle Berserker on May 23, 2015.
             Was a Believer of Trog.
             Quit the game on level 2 of the Dungeon.
             The game lasted 00:03:52 (1290 turns).

onwiheg the Cudgeler (Gargoyle Berserker)           Turns: 1290, Time: 00:03:53

Health: 24/28      AC:  5    Str: 20    XL:     4   Next: 46%
Magic:  4/4        EV: 12    Int:  8    God:    Trog [**....]
Gold:   61         SH:  0    Dex: 10    Spells: 0 memorised, 3 levels left

rFire  . . .     SeeInvis .     n - -1 hammer (curse)
rCold  . . .     Clarity  .     b - +0 animal skin
rNeg   + . .     SustAt   .     (no shield)
rPois  ∞         Gourm    .     (no helmet)
rElec  +         Spirit   .     (no cloak)
rCorr  .         Warding  .     (no gloves)
rMut   .         Stasis   .     (no boots)
MR     .....                    (no amulet)
Stlth  +.........               (no ring)
                                (no ring)

@: exhausted, slowed, very slow, not resistant to hostile enchantments, very
unstealthy
A: negative energy resistance 1, electricity resistance, unbreathing,
petrification resistance, rot immunity, AC +3
a: Burn Spellbooks, Berserk, Trog's Hand, Renounce Religion


You were on level 2 of the Dungeon.
You worshipped Trog.
Trog was pleased with you.
You were not hungry.

You visited 1 branch of the dungeon, and saw 2 of its levels.

You collected 61 gold pieces.

Inventory:

Hand weapons
 a - a +0 mace
 n - a cursed -1 hammer (weapon)
 o - a +4 quarterstaff of chaos
Missiles
 e - 76 stones
 j - 7 javelins (quivered)
Armour
 b - a +0 animal skin (worn)
 p - a +1 cloak
Scrolls
 d - a scroll of identify {unknown}
 f - a scroll of enchant weapon {unknown}
 g - a scroll of blinking {unknown}
 h - a scroll of noise {unknown}
 i - a scroll of enchant armour
 k - a scroll of fear {unknown}
Potions
 l - 2 potions of agility {unknown}
Comestibles
 c - a bread ration


   Skills:
 - Level 3.2 Fighting
 + Level 5.1 Maces & Flails
 - Level 2.1 Armour
 - Level 1.5 Dodging


You had 3 spell levels left.
You didn't know any spells.

Dungeon Overview and Level Annotations

Branches:
Dungeon (2/15)

Altars:


Innate Abilities, Weirdness & Mutations

You are resistant to torment.
Your stone body is resilient (AC +3).
You are immune to poison.
You resist negative energy.
You are resistant to electric shocks.
You can survive without breathing.
You are immune to petrification.
You are immune to rotting.


Message History

You are feeling very hungry.
You see here a glowing hammer.
n - a glowing hammer Wield which item (- for none, * to show all)? (? for menu, Esc to quit)
It sticks to your hand!
n - a cursed -1 hammer (weapon)
Things that are here:
a quarterstaff of chaos; a cloak
o - a quarterstaff of chaos;
p - a cloak Eat a chunk of flesh? (ye/n/q/i?) This raw flesh tastes terrible.
You continue eating. x2
Read which item? (? for menu, Esc to quit)
As you read the scroll labeled PINIFY NEHEX, it crumbles to dust.
It is a scroll of enchant armour.
Enchant which item? (? for menu, Esc to quit)
Your cloak glows green for a moment.
Quiver which item? (- for none, * to show all) (? for menu, Esc to quit)
Okay, then.
Are you sure you want to abandon this character and quit the game? (Confirm with "yes".)

.#####......##########
.#..........#
.#..........# #####
.#.....###### #...#
†#.....# #...#
.#.....# #...#
.############ ##.##
.######.....# ♣♣.♣
>.†.).......# ♣@♣♣
#####.......# ♣♣.♣
#...##### ♣.♣♣
#.......# ♣♣.♣♣
#.......# ♣...♣♣
#.......# ♣....♣
#.......# #....#
#.......###+..+#
#...###........#


There were no monsters in sight!

Vanquished Creatures
  Crazy Yiuf (D:2)
  An adder (D:2)
  A gnoll (D:1)
  6 goblins (D:1)
  7 hobgoblins
  10 jackals
  3 kobolds
  3 bats (D:1)
  A quokka (D:2)
  2 rats (D:1)
35 creatures vanquished.

Notes
Turn   | Place    | Note
--------------------------------------------------------------
     0 | D:1      | onwiheg the Gargoyle Berserker began the quest for the Orb.
     0 | D:1      | Reached XP level 1. HP: 14/14 MP: 1/1
   157 | D:1      | Reached XP level 2. HP: 6/19 MP: 2/2
   490 | D:1      | Reached skill level 4 in Maces & Flails
   531 | D:1      | Reached XP level 3. HP: 16/23 MP: 3/3
   572 | D:1      | Acquired Trog's second power
  1261 | D:2      | Noticed Crazy Yiuf
  1271 | D:2      | Killed Crazy Yiuf
  1271 | D:2      | Reached skill level 5 in Maces & Flails
  1271 | D:2      | Reached XP level 4. HP: 28/28 MP: 4/4
  1290 | D:2      | Quit the game

Vault maps used:
D:1:      dpeg_arrival_morbid_curiosity
D:2:      minmay_door_path, first_bread, minmay_quantized,
          uniq_crazy_yiuf_cottage, uniq_terence, uniq_natasha

Action                   |  1- 3 |  4- 6 || total
-------------------------+-------+-------++-------
Melee: Mace              |   122 |       ||   122
Throw: Stone             |     2 |       ||     2
       Javelin           |     2 |       ||     2
Invok: Berserk           |     1 |       ||     1
  Use: Scroll            |       |     1 ||     1
 Stab: Sleeping          |     1 |       ||     1
  Eat: Chunk             |     1 |     1 ||     2
